Unix NetHack Version 5.0.0-0 post-release - last build May 17 2026 04:57:42 (dc50c8380fa5e20985bfe3072449f57b8d9895ef,branch:main).

Game began 2026-05-21 22:28:15, ended 2026-05-21 23:02:16.

BeardyHaddock, neutral male gnomish Archeologist

                            ----
                           ....--
                        -.....<.|
                    --  |.......-
                   ..[---....^...
                   ?.......d....
                  o...@)[.).f..
                   |.o--)..--.
                    -- --.--
                        ---

BeardyHaddock the Investigator  St:10 Dx:9 Co:15 In:17 Wi:12 Ch:11  Neutral
Dlvl:5  $:220 HP:0(45) Pw:28(28) AC:8  Xp:6 T:4326 

Latest messages:
 The Uruk-hai shoots 2 poisoned crude arrows!
 The 1st poisoned crude arrow misses the Uruk-hai.
 You are hit by the 1st poisoned crude arrow.
 You feel weaker!
 The 2nd poisoned crude arrow hits the Uruk-hai.
 The poison doesn't seem to affect the Uruk-hai.
 The Uruk-hai wields a crude short sword!
 The Uruk-hai wields a crude short sword!
 The Uruk-hai picks up an aluminum wand.
 The Uruk-hai shoots a poisoned crude arrow!
 The poisoned crude arrow hits the Uruk-hai.
 The poison doesn't seem to affect the Uruk-hai.
 You kill the Uruk-hai!
 The Uruk-hai picks up an iron skull cap.
 You kill the Uruk-hai!
 Welcome to experience level 6.
 The Uruk-hai picks up a poisoned crude arrow.
 Are you waiting to get hit?  Use 'm' prefix to force a no-op (to rest).
 You kill the Uruk-hai!
 The Uruk-hai picks up a food ration.
 You hit the Uruk-hai!
 You kill the Uruk-hai!
 The dog bites the Uruk-hai.
 The Uruk-hai swings his crude bow at the dog.
 The Uruk-hai hits the dog.
 The dog bites the Uruk-hai.
 The dog misses the Uruk-hai.
 The Uruk-hai picks up a coarse mantelet.
 You kill the Uruk-hai!
 The dog misses the homunculus.
 Are you waiting to get hit?  Use 'm' prefix to force a no-op (to rest).
 Your silver saber named Grayswandir sears the homunculus' flesh!
 You kill the homunculus!
 The Uruk-hai shoots 2 poisoned crude arrows!
 You are hit by the 1st poisoned crude arrow.
 You feel weaker!
 You catch the crude arrow! Q - a poisoned crude arrow.
 There are many objects here.
 The dog bites the kitten.
 The kitten misses the dog.
 The Uruk-hai shoots 2 poisoned crude arrows!
 You are hit by the 1st poisoned crude arrow.
 You are hit by the 2nd poisoned crude arrow.
 You hear some noises in the distance.
 You kill the Uruk-hai!
 The Uruk-hai swings her crude bow.
 The Uruk-hai hits!
 You die...
 Do you want your possessions identified? [ynq] (y) y
 Do you want to see your attributes? [ynq] (y) q

Inventory:
 Coins    ('$')
  $ - 220 gold pieces
 Weapons  (')')
  Q - a poisoned +0 orcish arrow
  v - a +0 crossbow
  r - the +1 Grayswandir (weapon in right hand)
 Armor    ('[')
  c - a blessed +0 fedora
  q - an uncursed +0 orcish helm (being worn)
  K - a cursed -2 pair of fumble boots
  O - an uncursed +0 elven cloak
  b - an uncursed +0 leather jacket (being worn)
 Comestibles  ('%')
  d - 2 uncursed food rations
 Scrolls  ('?')
  F - 2 uncursed scrolls of earth
  p - an uncursed scroll of remove curse
 Potions  ('!')
  N - an uncursed potion of full healing
  D - an uncursed potion of water
 Wands    ('/')
  l - a wand of magic missile (0:3)
 Tools    ('(')
  h - an empty uncursed sack
  P - an empty uncursed sack
  i - an uncursed oil lamp (lit)
  e - a +0 pick-axe (alternate weapon; not wielded)
  f - a tinning kit (0:96)
 Gems/Stones  ('*')
  M - an uncursed obsidian stone
  L - an uncursed luckstone
  g - an uncursed touchstone

BeardyHaddock the Archeologist's attributes:

Background:
 You were an Investigator, a level 6 male gnomish Archeologist.
 You were neutral, on a mission for Camaxtli
 who was opposed by Quetzalcoatl (lawful) and Huhetotl (chaotic).
 You were right-handed.
 You were in the Gnomish Mines, on level 5.
 You entered the dungeon 4326 turns ago.
 It was nighttime.
 You had 393 experience points, 247 more were needed to attain level 7.

Basics:
 You had 0 out of 45 hit points.
 You had all 28 energy points (spell power).
 Your armor class was 8.
 Your wallet contained 220 zorkmids.
 Autopickup was off.

Final Characteristics:
 Your strength was 10 (peak:13, limit:18/50).
 Your dexterity was 9 (limit:18).
 Your constitution was 15 (limit:18).
 Your intelligence was 17 (limit:19).
 Your wisdom was 12 (limit:18).
 Your charisma was 11 (limit:18).

Final Status:
 You weren't hungry.
 You were unencumbered.
 You were wielding a saber.
 You had basic skill with saber.

Final Attributes:
 You were piously aligned.
 You resisted hallucinations.
 You had automatic searching.
 You had infravision.
 You were stealthy.
 You were lucky.
 You had extra luck.
 Bad luck did not time out for you.
 Good luck did not time out for you.
 You are dead.

Miscellaneous:
 You didn't encounter any bones levels.
 Total elapsed playing time was 34 minutes and 1 second.

Major events:
 Turn
    1: BeardyHaddock the neutral male gnomish Archeologist entered the dungeon
 1080: found Grayswandir on the floor
 2138: attained the rank of Field Worker (level 3)
 3833: entered the Gnomish Mines
 4310: attained the rank of Investigator (level 6)
 4326: killed by an Uruk-hai

You didn't know any spells.

Skills:
 Fighting Skills
   bare handed combat [Unskilled]
   two weapon combat  [Unskilled]
   riding             [Unskilled]
 Weapon Skills
   dagger             [Unskilled]
   knife              [Unskilled]
   pick-axe           [Basic]
   short sword        [Unskilled]
   saber              [Basic]
   club               [Unskilled]
   quarterstaff       [Unskilled]
   sling              [Unskilled]
   dart               [Unskilled]
   boomerang          [Unskilled]
   whip               [Basic]
   unicorn horn       [Unskilled]
 Spellcasting Skills
   attack spells      [Unskilled]
   healing spells     [Unskilled]
   divination spells  [Unskilled]
   matter spells      [Unskilled]

Voluntary challenges:
 Character rerolling was not enabled.
 You never genocided any monsters.
 You never polymorphed an object.
 You used no wishes.
Achievements:
 You entered a shop.
 You attained the rank of Field Worker.
 You entered the Gnomish Mines.
 You attained the rank of Investigator.

 The Dungeons of Doom: levels 1 to 5
    Level 1:
       A fountain.
    Level 2:
       A general store, a fountain.
    Level 3:
       A potion shop, an altar.
       Stairs down to The Gnomish Mines.
    Level 4:
       A general store, a fountain.
    Level 5:
 The Gnomish Mines: levels 4 to 5
    Level 4:
    Level 5: <- You were here.
       Final resting place for
          you, killed by an Uruk-hai.


Vanquished creatures:
  a small mimic
  a bugbear
  8 Uruk-hai
  a rock piercer
  a floating eye
  a dwarf
  a homunculus
  a kobold shaman
  8 hill orcs
  2 wererats
  5 iguanas
 an acid blob
  2 hobbits
  4 giant rats
  2 cave spiders
  a yellow mold
  6 gnomes
  a garter snake
  4 geckos
  9 jackals
  a fox
  a kobold
  3 goblins
  4 sewer rats
  4 grid bugs
  7 lichens
  a kobold zombie
  5 newts
86 creatures vanquished.

No species were genocided or became extinct.

Game over:
                       ----------
                      /          \
                     /    REST    \
                    /      IN      \
                   /     PEACE      \
                  /                  \
                  |  BeardyHaddock   |
                  |      220 Au      |
                  |   killed by an   |
                  |     Uruk-hai     |
                  |                  |
                  |                  |
                  |       2026       |
                 *|     *  *  *      | *
        _________)/\\_//(\/(/\)/\//\/|_)_______

Goodbye BeardyHaddock the Archeologist...

You died in The Gnomish Mines on dungeon level 5 with 1990 points,
and 220 pieces of gold, after 4326 moves.
You were level 6 with a maximum of 45 hit points when you died.

